 Dungeon Crawl Stone Soup version 0.27.0-1-g7a089689b8 (webtiles) character file.

Game seed: 7959099497305037313

909 Dann the Geomancer (level 8, 0/41 HPs)
             Began as a Gargoyle Earth Elementalist on Aug 9, 2021.
             Slain by a skeletal warrior (15 damage)
             ... led by a skeletal warrior
             ... on level 6 of the Dungeon.
             The game lasted 00:24:30 (5678 turns).

Dann the Geomancer (Gargoyle Earth Elementalist)    Turns: 5678, Time: 00:24:30

Health: 0/41       AC:  8    Str: 12    XL:     8   Next: 8%
Magic:  0/12       EV: 12    Int: 18    God:
Gold:   215        SH:  0    Dex: 10    Spells: 8/12 levels left

rFire    . . .     SeeInvis .   o - +3 dagger
rCold    . . .     Faith    .   (no shield)
rNeg     + . .     Spirit   .   b - +0 robe
rPois    ∞         Reflect  .   r - +0 helmet
rElec    +         Harm     .   (no cloak)
rCorr    .         Rampage  .   (no gloves)
Will     .....                  (no boots)
Stlth    ++........             (no amulet)
HPRegen  0.13/turn              (no ring)
MPRegen  0.13/turn              (no ring)

@: no status effects
A: sickness immunity, AC +5, negative energy resistance 1, electricity
resistance, torment resistance 1, petrification resistance
a: no special abilities


You were on level 6 of the Dungeon.
You visited 1 branch of the dungeon, and saw 6 of its levels.

You collected 215 gold pieces.

Inventory:

Hand Weapons
 e - a +0 short sword
 o - a +3 dagger (weapon)
Missiles
 c - 40 stones
Armour
 b - a +0 robe (worn)
 k - a +2 hat
 r - a +0 helmet (worn)
Wands
 i - a wand of digging (6)
Scrolls
 a - a scroll of amnesia {unknown}
 j - 2 scrolls of identify {unknown}
 l - 7 scrolls of teleportation {unknown}
 m - 2 scrolls of acquirement {unknown}
 n - 2 scrolls of fear {unknown}
 s - a scroll of fog {unknown}
 t - a scroll of holy word {unknown}
 u - a scroll of blinking {unknown}
 v - a scroll of immolation {unknown}
Potions
 d - a potion of curing {unknown}
 f - 2 potions of flight {unknown}
 g - a potion of might {unknown}
 h - 2 potions of heal wounds {unknown}
 p - a potion of magic {unknown}
 q - a potion of lignification {unknown}


   Skills:
 - Level 0.1 Fighting
 - Level 1.0 Short Blades
 - Level 2.0 Dodging
 - Level 2.7 Stealth
 - Level 0.2 Unarmed Combat
 - Level 2.9 Spellcasting
 - Level 0.7 Transmutations
 + Level 10.4 Earth Magic


You had 8 spell levels left.
You knew the following spells:

 Your Spells              Type           Power      Damage    Failure   Level
a - Sandblast             Erth           80%        2d17      1%          1
b - Stone Arrow           Conj/Erth      42%        3d9       6%          3

Your spell library contained the following spells:

 Spells                   Type           Power      Damage    Failure   Level
 Passwall                 Tmut/Erth      18%        N/A       2%          2
 Beastly Appendage        Tmut           10%        N/A       12%         1
 Petrify                  Tmut/Erth      22%        N/A       17%         4
 Wereblood                Tmut           5%         N/A       19%         2
 Slow                     Hex            2%         N/A       26%         2
 Spider Form              Tmut/Pois      1%         N/A       38%         3
 Confusing Touch          Hex            2%         N/A       45%         3
 Yara's Violent Unravell  Hex/Tmut       1%         3d3       98%         5
 Chain Lightning          Conj/Air       1%         3d1       100%        9
 Fire Storm               Conj/Fire      1%         7d1       100%        9


Dungeon Overview and Level Annotations

Branches:
Dungeon (6/15)
 Temple: D:4-7

Altars:
Dithmenos
Elyvilon
Nemelex Xobeh
Wu Jian
Zin

Shops:
D:2 *


Innate Abilities, Weirdness & Mutations

You are immune to sickness and miasma.
Your stone body is resilient. (AC +5)
You are immune to poison.
You resist negative energy. (rN+)
You are resistant to electric shocks. (rElec)
You are resistant to unholy torment.
You are immune to petrification.


Message History

Aim: a skeletal warrior, wielding a +0 mace (71% to hit)
The stone arrow hits the skeletal warrior!
The skeletal warrior is moderately damaged.
Casting: Stone Arrow (dangerous; 6% risk of failure)
Confirm with . or Enter, or press ? or * to list all spells.
Aiming: Stone Arrow (dangerous; 6% risk of failure)
Press: ? - help, Shift-Dir - straight line, f/p - skeletal warrior
Aim: a skeletal warrior, wielding a +0 mace (moderately damaged, 71% to hit)
The stone arrow hits the skeletal warrior.
The skeletal warrior is moderately damaged.
Casting: Stone Arrow (dangerous; 6% risk of failure)
Confirm with . or Enter, or press ? or * to list all spells.
Aiming: Stone Arrow (dangerous; 6% risk of failure)
Press: ? - help, Shift-Dir - straight line, f/p - skeletal warrior
Aim: a skeletal warrior, wielding a +0 mace (moderately damaged, 71% to hit)
The stone arrow hits the skeletal warrior!
The skeletal warrior is heavily damaged.
Casting: Stone Arrow (dangerous; 6% risk of failure)
Confirm with . or Enter, or press ? or * to list all spells.
Aiming: Stone Arrow (dangerous; 6% risk of failure)
Press: ? - help, Shift-Dir - straight line, f/p - skeletal warrior
Aim: a skeletal warrior, wielding a +0 mace (heavily damaged, 71% to hit)
The stone arrow hits the skeletal warrior!
The skeletal warrior is heavily damaged.
The skeletal warrior hits you with a +0 mace!!
Casting: Stone Arrow (dangerous; 6% risk of failure)
Confirm with . or Enter, or press ? or * to list all spells.
Aiming: Sandblast (safe; 1% risk of failure)
Press: ? - help, Shift-Dir - straight line, f/p - skeletal warrior
Aim: a skeletal warrior, wielding a +0 mace (heavily damaged, 83% to hit)
The blast of sand hits the skeletal warrior but does no damage.
The skeletal warrior is heavily damaged.
The skeletal warrior hits you with a +0 mace.
You hit the skeletal warrior but do no damage.
The skeletal warrior is heavily damaged.
The skeletal warrior hits you with a +0 mace.
You hit the skeletal warrior but do no damage.
The skeletal warrior is heavily damaged.
The skeletal warrior hits you with a +0 mace!
You die...

###.....####.....####..
##.......# #...........
#...#....# #..........
#.####...##
##.......... ### ##...#
#...#####...
##..###..## #..##..##
## ##..#z.#
....####.)@.##
#.....<..# ####.####.#
### #.# #.# ##


You could see a skeletal warrior.

Vanquished Creatures
  A water moccasin (D:5)
  A sky beast (D:6)
  An ogre (D:4)
  Blork the orc (D:5)
  A wyvern zombie (D:5)
  2 centaur zombies (D:5)
  2 gnoll shamans
  A hound (D:6)
  A bullfrog skeleton (D:5)
  Jessica (D:2)
  Natasha (D:3)
  An orc wizard (D:3)
  6 adders
  10 gnolls
  An adder zombie (D:5)
  An adder skeleton (D:5)
  2 worms
  9 orcs
  4 ball pythons
  8 endoplasms
  2 giant cockroaches (D:3)
  5 goblins
  7 hobgoblins
  2 jackals (D:3)
  4 quokkas
  5 bats
  4 frilled lizards
  6 kobolds
  4 rats
94 creatures vanquished.

Notes
Turn   | Place    | Note
-------+----------+-------------------------------------------
     0 | D:1      | Dann the Gargoyle Earth Elementalist began the quest for
                  | the Orb.
     0 | D:1      | Reached XP level 1. HP: 10/10 MP: 3/3
   413 | D:1      | Reached XP level 2. HP: 15/15 MP: 3/5
   655 | D:1      | Reached skill level 4 in Earth Magic
  1144 | D:2      | Found a faded altar of an unknown god.
  1151 | D:2      | Reached XP level 3. HP: 19/19 MP: 4/6
  1341 | D:2      | Noticed Jessica
  1345 | D:2      | Killed Jessica
  1346 | D:2      | Reached XP level 4. HP: 24/24 MP: 4/8
  1395 | D:2      | Found Gaed's General Store.
  1934 | D:3      | Learned a level 3 spell: Stone Arrow
  1945 | D:3      | Reached skill level 1 in Short Blades
  2053 | D:3      | Reached skill level 5 in Earth Magic
  2063 | D:3      | Reached XP level 5. HP: 23/28 MP: 9/9
  2087 | D:3      | Found a glowing silver altar of Zin.
  2286 | D:3      | Found an ornate altar of the Wu Jian Council.
  2286 | D:3      | Noticed Natasha
  2315 | D:3      | Killed Natasha
  2316 | D:3      | Reached skill level 6 in Earth Magic
  3601 | D:4      | Noticed an ogre
  3606 | D:4      | Killed an ogre
  3607 | D:4      | Reached skill level 7 in Earth Magic
  3607 | D:4      | Reached XP level 6. HP: 32/32 MP: 0/10
  3765 | D:5      | Entered Level 5 of the Dungeon
  3939 | D:5      | Found a white marble altar of Elyvilon.
  4067 | D:5      | Reached skill level 8 in Earth Magic
  4076 | D:5      | Reached XP level 7. HP: 36/36 MP: 0/11
  4546 | D:5      | Reached skill level 9 in Earth Magic
  4702 | D:5      | Found a sparkling altar of Nemelex Xobeh.
  4746 | D:5      | Found a shadowy altar of Dithmenos.
  4993 | D:5      | Noticed Blork the orc
  5000 | D:5      | Killed Blork the orc
  5192 | D:6      | Reached skill level 10 in Earth Magic
  5306 | D:6      | Reached XP level 8. HP: 41/41 MP: 1/12
  5665 | D:6      | Noticed a skeletal warrior
  5678 | D:6      | Slain by a skeletal warrior

Illustrated notes

Levels and vault maps discovered:
D:1:      sevenhm_arrival_forest_fort_small_3, layout_basic, minmay_tromino_v4_b
D:2:      layout_basic, serial_shops, nicolae_shop_trees,
          ebering_ecumenical_altar_box, grunt_ministairs_13, uniq_jessica
D:3:      layout_rooms, lemuel_coloured_pillars_altar,
          mainiacjoe_overflow_tiny_flanked, uniq_natasha
D:4:      layout_basic, corexii_hall_statues_x
D:5:      layout_basic, grunt_dithmenos_smoke, mainiacjoe_overflow_chevrons,
          mainiacjoe_overflow_paths, uniq_blork_the_orc
D:6:      layout_layer_cave, mainiacjoe_overflow_alcove_4,
          minmay_temple_entry_antechambers, minmay_alternating_orb

Skill      XL: |  1  2  3  4  5  6  7 |
---------------+----------------------+-----
Earth Magic    | 4 5 7 8 10 | 10.4
Short Blades   | 1 |  1.0
Dodging        | 2 |  2.0
Fighting       | |  0.1
Stealth        | |  2.7
Unarmed Combat | |  0.2
Spellcasting   | |  2.9
Transmutations | |  0.7

Action                   |  1- 3 |  4- 6 |  7- 9 || total
-------------------------+-------+-------+-------++-------
Melee: Unarmed           |    17 |       |       ||    17
       Short sword       |    33 |    67 |       ||   100
       Dagger            |       |    46 |    43 ||    89
 Cast: Sandblast         |    34 |    29 |    11 ||    74
       Stone Arrow       |       |    16 |    21 ||    37
 Stab: Sleeping          |       |     5 |       ||     5
Armor: Robe              |    18 |    40 |    13 ||    71
       Skin              |       |     4 |       ||     4
Dodge: Dodged            |    42 |    85 |    36 ||   163
